 Dungeon Crawl Stone Soup version 0.25-a0-523-g9afb2ee040 (webtiles) character file.

Game seed: 10736438073920404085, levelgen mode: deterministic

141 Flugslaktarn the Covered (level 5, -1/49 HPs)
             Began as a Deep Dwarf Fighter on Feb 18, 2020.
             Slain by Pikel
             ... wielding a +0 whip of electrocution
              (18 damage)
             ... on level 4 of the Dungeon.
             The game lasted 00:00:52 (837 turns).

Flugslaktarn the Covered (Deep Dwarf Fighter)        Turns: 837, Time: 00:00:53

Health: -1/49      AC:  8    Str: 20    XL:     5   Next: 3%
Magic:  4/4        EV:  7    Int:  9    God:
Gold:   37         SH:  9    Dex: 12    Spells: 4/4 levels left

rFire    . . .     SeeInvis .   a - +0 war axe
rCold    . . .     Gourm    .   c - +0 kite shield
rNeg     . . .     Faith    .   b - +0 scale mail
rPois    .         Spirit   .   (no helmet)
rElec    .         Reflect  .   l - +0 cloak
rCorr    .         Harm     .   (no gloves)
MR       .....                  (no boots)
Stlth    ..........             (no amulet)
HPRegen  0.00/turn              (no ring)
MPRegen  0.09/turn              (no ring)

@: non-regenerating
A: damage resistance, heal wounds, sense surroundings 1, no regeneration
a: Heal Wounds


You were on level 4 of the Dungeon.
You were not hungry.

You visited 1 branch of the dungeon, and saw 4 of its levels.

You collected 37 gold pieces.

Inventory:

Hand Weapons
 a - a +0 war axe (weapon)
Armour
 b - a +0 scale mail (worn)
 c - a +0 kite shield (worn)
 l - a +0 cloak (worn)
   (You found it on level 2 of the Dungeon)
Scrolls
 g - 3 scrolls of identify {unknown}
 h - 2 scrolls of teleportation {unknown}
 i - a scroll of fear {unknown}
 j - 3 scrolls of noise {unknown}
Potions
 d - a potion of might
 k - a potion of flight {unknown}
 m - a potion of lignification {unknown}
 n - a potion of curing {unknown}
Comestibles
 e - 2 rations
 f - 2 chunks of flesh


   Skills:
 + Level 3.3 Fighting
 * Level 4.0 Axes
 + Level 4.1 Armour
 + Level 4.0 Shields


You had 4 spell levels left.
You didn't know any spells.
Your spell library was empty.

Dungeon Overview and Level Annotations

Branches:
Dungeon (3/15)

Altars:
Yredelemnul

Annotations:
D:4 Pikel


Innate Abilities, Weirdness & Mutations

You are resistant to damage.
You can heal yourself by infusing magical energy.
You passively map a small area around you.
You do not regenerate.


Message History

You closely miss the slave.
The slave is heavily wounded.
You hit the slave. x2
Your shield prevents you from hitting Pikel.
You hit the slave. The slave hits you but does no damage. The slave hits you!
The slave barely misses you. You block Pikel's attack. The slave hits you. x3
You hit the slave.
The slave is severely wounded.
You closely miss Pikel. You closely miss the slave. You hit the slave. x2
You block the slave's attack.
Pikel hits you with a +0 whip of electrocution.
The slave barely misses you. The slave hits you. You block the slave's attack.
The slave barely misses you. Pikel hits you but does no damage.
You hit the slave.
The slave is severely wounded.
You completely miss Pikel. You closely miss the slave. You hit the slave.
You closely miss the slave. The slave hits you. You block the slave's attack.
The slave hits you but does no damage. x2; Pikel hits you but does no damage.
You are electrocuted!!
You die...

, , * , . .. , .
... , ### *
.##...
##..###,....,
##.....##...
#.........# *
##.....ppK###
#......p@p.%# *
##...........#
#............#
#...........##
####.......>..##
..............#
.............##
......##......##
,, ......
###.....##


You could see Pikel and 4 slaves.

Vanquished Creatures
  An orc priest (D:3)
  A centaur skeleton (D:3)
  3 adders
  An ooze (D:2)
  A dart slug (D:3)
  A leopard gecko (D:3)
  5 orcs (D:3)
  4 bats
  A giant cockroach (D:4)
  8 goblins
  2 hobgoblins (D:3)
  3 jackals (D:3)
  A kobold (D:3)
  2 quokkas
  4 frilled lizards
  6 rats
44 creatures vanquished.

Notes
Turn   | Place    | Note
-------+----------+-------------------------------------------
     0 | D:1      | Flugslaktarn the Deep Dwarf Fighter began the quest for the
                  | Orb.
     0 | D:1      | Reached XP level 1. HP: 20/20 MP: 1/1
   232 | D:2      | Reached XP level 2. HP: 25/27 MP: 2/2
   412 | D:3      | Found a basalt altar of Yredelemnul.
   425 | D:3      | Reached XP level 3. HP: 29/34 MP: 3/3
   557 | D:3      | Reached XP level 4. HP: 30/42 MP: 4/4
   737 | D:3      | Reached XP level 5. HP: 42/49 MP: 5/5
   788 | D:3      | You fall into a shaft and drop 1 floor!
   821 | D:4      | Noticed Pikel
   821 | D:4      | Noticed a slave
   821 | D:4      | Noticed a slave
   823 | D:4      | Noticed a slave
   824 | D:4      | Noticed a slave
   837 | D:4      | Slain by Pikel

Levels and vault maps discovered:
D:1:      dpeg_arrival_arbitrary_a, layout_loops_cross
D:2:      layout_loops_ring, chequers_decorated_corner, grunt_ministairs_3
D:3:      layout_basic, yredelemnul_altar_generic, serial_forest,
          infiniplex_forest_lined_2, infiniplex_forest_clump_double,
          infiniplex_forest_lined_2, infiniplex_forest_clump_medium,
          infiniplex_forest_lined_2, infiniplex_forest_lined_4_way,
          infiniplex_forest_clump_curved, infiniplex_forest_clump_long,
          infiniplex_forest_clump_small, uniq_crazy_yiuf_cottage
D:4:      layout_cave_pods, enter_ossuary_5, first_ration, serial_shops, shop,
          shop, shop, shop, nicolae_shop_stone, nemelex_spade_bored_becter,
          uniq_pikel, uniq_ijyb

Skill      XL: |  1  2  3  4 |
---------------+-------------+-----
Axes           | 3 4 |  4.0
Fighting       | 3 |  3.3
Armour         | 4 |  4.1
Shields        | 4 |  4.0

Action                   |  1- 3 |  4- 6 || total
-------------------------+-------+-------++-------
Melee: War axe           |   105 |    45 ||   150
 Abil: Heal Wounds       |       |     2 ||     2
Armor: Scale mail        |    51 |    37 ||    88
Dodge: Dodged            |    38 |    16 ||    54
Block: Kite shield       |    64 |    46 ||   110

Table legend:
 A = Non-vault XP
 B = Vault XP
 C = Vault XP percentage of total XP
 D = Non-vault monster count
 E = Vault monster count
 F = Vault count percentage of total count
                 A         B        C        D         E       F
            +---------+---------+-------+---------+---------+-------
      Total |     202 |       0 |   0.0 |      44 |       0 |   0.0
            +---------+---------+-------+---------+---------+-------
        D:1 |       8 |       0 |   0.0 |       5 |       0 |   0.0
        D:2 |      28 |       0 |   0.0 |       9 |       0 |   0.0
        D:3 |     162 |       0 |   0.0 |      28 |       0 |   0.0
        D:4 |       4 |       0 |   0.0 |       2 |       0 |   0.0
            +---------+---------+-------+---------+---------+-------
